 Dungeon Crawl Stone Soup version 0.30-a0-374-g95c0257 (webtiles) character file.

Game seed: 915075901543772414

535578 antrollian the Draconian Blade (level 24, -17/243 (250) HPs)
             Began as a Green Draconian Monk on Nov 23, 2022.
             Was a High Priest of Qazlal.
             Killed from afar by a war gargoyle (58 damage)
             ... with a spray of metal splinters
             ... on level 5 of the Vaults on Nov 25, 2022.
             The game lasted 03:34:22 (53712 turns).

antrollian the Draconian Blade (DrMo)              Turns: 53712, Time: 03:34:22

HP:   -17/243 (250) AC:  9    Str: 22    XL:     24   Next: 57%
MP:   16/33         EV: 29    Int: 12    God:    Qazlal [*****.]
Gold: 4413          SH: 46    Dex: 26    Spells: 21/23 levels left

rFire   + . .      SeeInvis .    Y - +10 scimitar "Qyisedi" {venom, Dex+3}
rCold   + . .      Faith    .    g - +9 tower shield "Hania" {Str+3}
rNeg    + . .      Spirit   .    (body armour unavailable)
rPois   +          Reflect  +    y - +1 hat "Guloc" {Dex+3}
rElec   .          Harm     .    B - +0 cloak "Qedwilaeg" {rF+ Will+ rCorr Dex-4}
rCorr   +          Rampage  .    Q - +2 pair of gloves {Dex+3}
Will    ++++.                    S - +4 pair of boots of the Twenty Lives {Str+2}
Stlth   ++........               q - amulet of Tender Moments {Reflect rC+ rN+ SH+5 Stlth+}
HPRegen 0.60/turn                F - ring of willpower
MPRegen 0.23/turn                n - ring of willpower

@: protected from physical damage, corroded, studying Ice Magic, lightly
drained, repel missiles
A: breathe noxious fumes, AC +12, unfitting armour, stinger 1, poison
resistance, cold-blooded, low MP 1, robust 1
}: 3/15 runes: serpentine, barnacled, slimy
a: Breathe Noxious Fumes, Renounce Religion, Upheaval, Elemental Force, Disaster
Area


You were on level 5 of the Vaults.
You worshipped Qazlal.
Qazlal was extremely pleased with you.
You visited 9 branches of the dungeon, and saw 47 of its levels.
You visited 2 bazaars.
You also visited: Bailey, Volcano and Desolation.

You collected 6974 gold pieces.
You spent 2561 gold pieces at shops.

Inventory:

Hand Weapons
 k - a +4 scimitar of holy wrath
 Y - the +10 scimitar "Qyisedi" (weapon) {venom, Dex+3}
   (You took it off an orc high priest on level 2 of the Orcish Mines)

   It poisons the flesh of those it strikes.
   Dex:       It affects your dexterity (+3).
Missiles
 u - 2 throwing nets (quivered)
Armour
 f - a scarf of resistance
 g - the +9 tower shield "Hania" (worn) {Str+3}
   (You took it off Louise on level 1 of the Elven Halls)

   Str:       It affects your strength (+3).
 y - the +1 hat "Guloc" (worn) {Dex+3}
   (You found it on level 2 of the Elven Halls)

   Dex:       It affects your dexterity (+3).
 B - the +0 cloak "Qedwilaeg" (worn) {rF+ Will+ rCorr Dex-4}
   (You bought it in a shop in a bazaar)

   Dex:       It affects your dexterity (-4).
   rF:        It protects you from fire.
   rCorr:     It protects you from acid and corrosion.
   Will:      It increases your willpower.
 Q - a +2 pair of gloves of dexterity (worn)
 S - the +4 pair of boots of the Twenty Lives (worn) {Str+2}
   (You bought it in a shop on level 2 of the Vaults)

   Str:       It affects your strength (+2).
 W - the +1 pair of boots "Evecoc" {Str+2 SInv}
   (You bought it in a shop on level 2 of the Snake Pit)

   Str:       It affects your strength (+2).
   SInv:      It lets you see invisible.
Jewellery
 j - a ring of positive energy
 n - a ring of willpower (right hand)
 q - the amulet of Tender Moments (around neck) {Reflect rC+ rN+ SH+5 Stlth+}
   (You found it on level 5 of the Pits of Slime)

   [amulet of reflection]

   It reflects blocked missile attacks.
   rC:        It protects you from cold.
   rN:        It protects you from negative energy.
   SH:        It affects your SH (+5).
   Stlth:     It makes you more stealthy.
 A - a ring of ice
 E - a ring of protection from cold
 F - a ring of willpower (left hand)
 L - the ring of Vehumet's Displeasure {rPois rC+ Str+6 Int-3 Slay+3}
   (You took it off a deep elf annihilator on level 3 of the Elven Halls)

   [ring of strength]

   Str:       It affects your strength (+6).
   Int:       It affects your intelligence (-3).
   Slay:      It affects your accuracy & damage with ranged weapons and melee
   (+3).
   rC:        It protects you from cold.
   rPois:     It protects you from poison.
 N - a ring of magical power
 P - the ring "Tuogimi" {Fire Dex+4}
   (You bought it in a shop on level 2 of the Snake Pit)

   [ring of fire]

   It enhances your fire magic.
   Dex:       It affects your dexterity (+4).
   rF:        It protects you from fire.
   rC:        It makes you vulnerable to cold.
 R - the ring "Poar" {+Blink rElec Will+ Str+2}
   (You took it off a deep elf sorcerer on level 3 of the Elven Halls)

   [ring of willpower]

   Str:       It affects your strength (+2).
   rElec:     It insulates you from electricity.
   +Blink:    It lets you blink.
   Will:      It increases your willpower.
 X - a ring of resist corrosion
 Z - an amulet of reflection
Wands
 C - a wand of mindburst (20)
 K - a wand of roots (3)
 M - a wand of charming (11)
 U - a wand of flame (31)
Scrolls
 a - 7 scrolls of butterflies
 d - 5 scrolls of brand weapon
 l - 4 scrolls of blinking
 p - 9 scrolls of enchant weapon
 r - 2 scrolls of summoning
 t - 2 scrolls of enchant armour
 x - 5 scrolls of silence
 z - 5 scrolls of amnesia
 H - 6 scrolls of poison
 I - 9 scrolls of magic mapping
 J - 29 scrolls of teleportation
 T - 7 scrolls of fear
Potions
 b - 4 potions of ambrosia
 c - 14 potions of curing
 e - 13 potions of brilliance
 h - 5 potions of resistance
 i - 7 potions of magic
 m - 11 potions of haste
 o - 10 potions of might
 s - 15 potions of heal wounds
 v - 12 potions of flight
 w - 10 potions of mutation
 D - 3 potions of invisibility
 G - 4 potions of berserk rage
 O - 6 potions of cancellation
Miscellaneous
 V - a lightning rod (4/4)


   Skills:
 + Level 21.2 Fighting
 - Level 4.4(16.2) Short Blades
 + Level 23.5(23.7) Long Blades
 + Level 18.0 Dodging
 - Level 1.7 Stealth
 + Level 21.3 Shields
 + Level 20.7 Invocations


You had 21 spell levels left.
You knew the following spells:

 Your Spells              Type           Power      Damage    Failure   Level
a - Poisonous Vapours     Pois/Air       0%         N/A       67%         2

Your spell library contained the following spells:

 Spells                   Type           Power      Damage    Failure   Level
 Apportation              Tloc           0%         N/A       52%         1
 Beastly Appendage        Tmut           0%         N/A       52%         1
 Foxfire                  Conj/Fire      0%         2x1d4     52%         1
 Freeze                   Ice            0%         1d3       52%         1
 Magic Dart               Conj           0%         1d3       52%         1
 Necrotise                Necr           0%         1d4       52%         1
 Sandblast                Erth           0%         2d4       52%         1
 Summon Small Mammal      Summ           0%         N/A       52%         1
 Call Imp                 Summ           0%         N/A       67%         2
 Cigotuvi's Dreadful Rot  Necr/Pois/Air  0%         N/A       67%         2
 Passwall                 Tmut/Erth      0%         N/A       67%         2
 Static Discharge         Conj/Air       0%         2-2/arc   67%         2
 Wereblood                Tmut           0%         N/A       67%         2
 Call Canine Familiar     Summ           0%         N/A       88%         3
 Dazzling Flash           Conj/Hex       0%         N/A       88%         3
 Frozen Ramparts          Ice            0%         1d1       88%         3
 Gell's Gravitas          Tloc           0%         N/A       88%         3
 Hailstorm                Conj/Ice       0%         3d3       88%         3
 Ignite Poison            Fire/Tmut/Pois 0%         N/A       88%         3
 Inner Flame              Hex/Fire       0%         N/A       88%         3
 Kindle Blastsparks       Fire/Tloc/Air  0%         2d10      88%         3
 Lesser Beckoning         Tloc           0%         N/A       88%         3
 Mephitic Cloud           Conj/Pois/Air  0%         N/A       88%         3
 Ozocubu's Armour         Ice            0%         N/A       88%         3
 Spider Form              Tmut/Pois      0%         N/A       88%         3
 Stone Arrow              Conj/Erth      0%         3d7       88%         3
 Summon Guardian Golem    Hex/Summ       0%         N/A       88%         3
 Teleport Other           Tloc           0%         N/A       88%         3
 Vampiric Draining        Necr           0%         2d6       88%         3
 Vhi's Electric Charge    Tloc/Air       0%         N/A       88%         3
 Anguish                  Hex/Necr       0%         N/A       99%         4
 Animate Dead             Necr           0%         N/A       99%         4
 Cause Fear               Hex            0%         N/A       99%         4
 Dispel Undead            Necr           0%         3d6       99%         4
 Flame Wave               Conj/Fire      0%         2d4       99%         4
 Ice Form                 Ice/Tmut       0%         N/A       99%         4
 Iskenderun's Mystic Bla  Conj/Tloc      0%         2d3       99%         4
 Leda's Liquefaction      Hex/Erth       0%         N/A       99%         4
 Olgreb's Toxic Radiance  Pois           0%         N/A       99%         4
 Passage of Golubria      Tloc           0%         N/A       99%         4
 Sticky Flame             Conj/Fire      0%         2d3       99%         4
 Summon Lightning Spire   Summ/Air       0%         N/A       99%         4
 Agony                    Necr           0%         N/A       100%        5
 Alistair's Intoxication  Tmut/Pois      0%         N/A       100%        5
 Arcjolt                  Conj/Air       0%         1d10      100%        5
 Blade Hands              Tmut           0%         N/A       100%        5
 Fireball                 Conj/Fire      0%         3d3       100%        5
 Freezing Cloud           Conj/Ice/Air   0%         6-21      100%        5
 Lee's Rapid Deconstruct  Erth           0%         3d4*      100%        5
 Lightning Bolt           Conj/Air       0%         1d11      100%        5
 Conjure Ball Lightning   Conj/Air       0%         3x3d6     100%        6
 Death Channel            Necr           0%         N/A       100%        6
 Dispersal                Tloc           0%         N/A       100%        6
 Iron Shot                Conj/Erth      0%         9d1       100%        6
 Simulacrum               Ice/Necr       0%         N/A       100%        6
 Starburst                Conj/Fire      0%         6d3       100%        6
 Statue Form              Tmut/Erth      0%         N/A       100%        6
 Enfeeble                 Hex            0%         N/A       100%        7
 Haunt                    Necr/Summ      0%         N/A       100%        7
 Monstrous Menagerie      Summ           0%         N/A       100%        7
 Ozocubu's Refrigeration  Ice            0%         4d7       100%        7
 Discord                  Hex            0%         N/A       100%        8
 Disjunction              Tloc           0%         N/A       100%        8
 Ignition                 Fire           0%         3d3       100%        8
 Infestation              Necr           0%         N/A       100%        8
 Polar Vortex             Ice            0%         N/A       100%        9
 Animate Armour           Summ/Erth      Unusable   N/A       N/A         4

Dungeon Overview and Level Annotations

Branches:
Dungeon (15/15)            Temple (0/1) D:7            Lair (5/5) D:8
 Shoals (4/4) Lair:2        Snake (4/4) Lair:2        Slime (5/5) Lair:5
    Orc (2/2) D:10            Elf (3/3) Orc:2        Vaults (5/5) D:13
  Crypt (0/3) Vaults:2     Depths (4/4) D:15            Zot (0/5) Depths:4
 Bailey (visited)         Volcano (visited)         Desolation (visited)

Altars:
Elyvilon
Hepliaklqana
Okawaru
Qazlal
Ru
Sif Muna
Uskayaw
Wu Jian
Xom
Zin
The Shining One
Jiyva
Lugonu

Shops:
D:5 *   D:8 ((   D:11 (   Orc:2 [?([   Elf:1 (   Elf:3 [   Snake:1 !:(*
Snake:2 [(*(   Snake:4 =   Vaults:2 [(?   Vaults:4 [

Portals:
Hell: Depths:1 Depths:2 Depths:3 Depths:4
Abyss: Lair:5 Depths:3 Depths:4
Pandemonium: Depths:2
Ziggurat: Depths:1
Trove: Vaults:3 (give +5 ice dragon scales)


Innate Abilities, Weirdness & Mutations

You can breathe blasts of noxious fumes.
Your lurid green scales are hard. (AC +12)
You cannot fit into any form of body armour.
Your tail ends in a venomous barb.
Your system is resistant to poisons. (rPois)
You are cold-blooded and may be slowed by cold attacks.
Your magical capacity is low. (-10% MP)
You are robust. (+10% HP)


Message History

The shadow dragon breathes negative energy at you.
The bolt of negative energy hits you!! You partially resist.
You feel drained.
* * * LOW HITPOINT WARNING * * *
Unknown command.
You hear a shout! x2
The war gargoyle launches metal splinters at you.
The spray of metal splinters is repelled.
The shadow dragon is engulfed in blazing flames.
A tengu reaver comes into view.
It is wielding a +3 war axe and wearing a +3 ring mail of fire resistance.
The orc knight roars a battlecry!
The orcs go into a battle-frenzy!
The shadow dragon breathes negative energy at you.
The bolt of negative energy is repelled.
The war gargoyle is struck by lightning.
You slice the shadow dragon!!
The shadow dragon is severely wounded.
You block the war gargoyle's attack.
An orc warrior comes into view. It is wielding a +0 short sword.
The shadow dragon bites you.
* * * LOW HITPOINT WARNING * * *
You block the shadow dragon's attack. The shadow dragon misses you.
You slash the war gargoyle!
The war gargoyle is heavily damaged.
You hear a shout!
The war gargoyle is engulfed in blazing flames.
You block the war gargoyle's attack.
You hit the war gargoyle.
The war gargoyle is heavily damaged.
An orc warrior comes into view.
It is wielding a +0 war axe and wearing a +0 plate armour of cold resistance.
The orc is engulfed in freezing vapours.
You kill the orc!
Qazlal accepts your kill.
The orc knight is engulfed in freezing vapours.
A golden dragon comes into view.
The shadow dragon completely misses you.
You block the shadow dragon's attack. The shadow dragon barely misses you.
The war gargoyle is engulfed in blazing flames.
The war gargoyle launches metal splinters at you.
The spray of metal splinters hits you!!!
You die...

..#..# # #.#..#
#[#.#..# #.#.#..#
.c....#
#############...°#
...............9.#
...........Q..§D@#
...........C.)°o○#
..............☼.o#
#############o...#
#.....# #..#.Q#
#.o#..# #oD#..#
...#..#


You could see a shadow dragon (extremely poisoned), a golden dragon, 2 tengu
reavers, a yaktaur captain, an orc knight, an ettin, a war gargoyle (catching
breath), 3 orc warriors and an orc (strong).

Vanquished Creatures
  the Royal Jelly (Slime:5)
  Sojobo (Depths:1)
  Bai Suzhen (Shoals:3)
  5 golden dragons
  3 caustic shrikes (Depths:4)
  A bone dragon (Depths:4)
  Nikola (Snake:2)
  5 tentacled monstrosities
  2 titans
  A deep elf blademaster (Elf:3)
  A walking frostbound tome (Depths:3)
  3 liches
  18 acid blobs
  An eldritch tentacle (Elf:2)
  Kirke (D:15)
  A sphinx (Vaults:4)
  4 storm dragons
  4 shadow dragons
  The ghost of DispaterIsMyDaddy the Eclecticist, an adept DjFE of Makhleb (Elf:2)
  5 tengu reavers
  10 rockslimes
  The ghost of Deykloqe the Brawler, a journeyman TrBe of Trog (Snake:4)
  4 nagarajas
  Roxanne (Elf:2)
  11 azure jellies
  8 fire giants
  A draconian monk (Depths:4)
  Aizul (Elf:1)
  Louise (Elf:1)
  3 deep elf sorcerers (Elf:3)
  13 vault wardens
  An iron dragon (Depths:4)
  6 frost giants
  The ghost of BriarBranch the Severer, a journeyman MiBe of Trog (Orc:2)
  A draconian shifter (Depths:4)
  A draconian stormcaller (Depths:4)
  2 spriggan defenders
  4 deep elf elementalists (Elf:3)
  24 very ugly things
  A cacodemon (Elf:2)
  9 quicksilver oozes
  9 stone giants
  The ghost of jagoly the Fighter, a journeyman DrRe of Yredelemnul (Lair:3)
  3 war gargoyles
  20 ironbound preservers
  5 deep elf demonologists
  5 ironbound thunderhulks
  5 vampire knights
  A black draconian (Depths:4)
  9 spark wasps
  A green draconian (Depths:4)
  6 dire elephants
  2 purple draconians (Depths:4)
  A lorocyproca (Depths:1)
  A white draconian (Depths:4)
  9 deep elf annihilators (Elf:3)
  6 deep elf death magi (Elf:3)
  A yellow draconian (Depths:4)
  12 ettins
  A crystal guardian (Vaults:3)
  14 merfolk impalers
  Josephine (D:10)
  10 fire dragons
  9 yaktaur captains
  A quicksilver dragon zombie (Vaults:5)
  Fannar (D:11)
  32 vault guards
  A jiangshi (Vaults:2)
  7 deep elf high priests
  The ghost of code2828 the Carver, a journeyman MiBe of Trog (Lair:1)
  5 merfolk javelineers
  7 hydras
  A ragged hierophant (Elf:1)
  11 great orbs of eyes
  4 ice dragons
  3 entropy weavers
  7 spriggan air magi
  The ghost of Jeamesi the Frost Mage, a journeyman GnIE of Vehumet (D:14)
  A rakshasa (Depths:1)
  A peacekeeper (Vaults:3)
  5 salamander tyrants
  7 two-headed ogres
  A jorogumo (shapeshifter) (Vaults:4)
  9 ironbound frosthearts
  A satyr (shapeshifter) (Vaults:4)
  3 ogre magi
  37 dancing weapons
  2 merfolk avatars (Shoals:3)
  5 anacondas
  5 merfolk aquamancers
  Erica (D:10)
  2 satyrs (Shoals:3)
  8 boulder beetles
  13 centaur warriors
  2 catoblepae
  8 death yaks
  3 deep troll shamans
  Urug (D:13)
  13 naga warriors
  3 vampire magi
  6 deep troll earth magi
  13 tengu warriors
  5 orc high priests (Orc:2)
  A thrashing horror (Lair:5)
  4 spriggan berserkers
  4 hell knights
  19 deep elf knights
  Nergalle (D:11)
  5 shock serpents
  14 naga sharpshooters
  4 skeletal warriors (D:15)
  14 sea snakes
  5 salamander mystics
  7 iron trolls
  The ghost of Caerwyn the Geomancer, a novice OpEE (D:7)
  A death drake (shapeshifter) (Elf:2)
  A shadow demon (Depths:1)
  5 naga ritualists
  8 glowing orange brains
  67 deep trolls
  2 flayed ghosts
  44 deep elf pyromancers
  A phantasmal warrior (Vaults:2)
  11 harpies
  22 ironbound convokers
  8 lindwurms
  An orc knight (Vaults:4)
  11 wizards
  11 mana vipers
  A wolf spider (shapeshifter) (Lair:5)
  5 necromancers
  35 deep elf zephyrmancers
  An oklob plant (Lair:5)
  8 deep elf archers
  16 cyclopes
  13 fauns
  2 salamanders (shapeshifter)
  4 orc sorcerers (Orc:2)
  25 salamanders
  2 shining eyes (Slime:1)
  46 ugly things
  20 manticores
  8 merfolk sirens
  20 vault sentinels
  11 elephants
  10 water nymphs
  3 guardian serpents
  19 naga magi
  2 smoke demons (Lair:5)
  36 black mambas
  A torpor snail (Lair:5)
  A guardian serpent (shapeshifter) (Elf:2)
  2 eyes of devastation
  A water nymph (shapeshifter) (Elf:1)
  2 gargoyles
  A torpor snail (shapeshifter) (Elf:2)
  5 kobold demonologists
  8 komodo dragons
  An eye of devastation (shapeshifter) (D:13)
  13 cane toads
  2 efreet (D:14)
  3 unseen horrors
  5 rime drakes
  2 freezing wraiths
  A komodo dragon (shapeshifter) (D:12)
  A yaktaur (shapeshifter) (D:13)
  48 yaktaurs
  An ancient zyme (Lair:5)
  7 trolls
  3 tengu conjurers
  A meliai (D:14)
  A troll (shapeshifter) (Elf:2)
  2 polar bears
  A tarantella (shapeshifter) (D:13)
  9 wind drakes
  A wind drake (shapeshifter) (Vaults:4)
  10 hornets
  29 merfolk
  A meliai (shapeshifter) (Lair:5)
  Grinder (D:6)
  A merfolk (shapeshifter) (Depths:3)
  2 raiju (shapeshifter)
  13 dream sheep
  4 saltlings (Desolation)
  9 snapping turtles
  16 blink frogs
  124 slime creatures
  A jumping spider (shapeshifter) (Vaults:5)
  6 air elementals
  13 spriggans
  A human (shapeshifter) (Elf:2)
  2 vampires
  17 water elementals
  9 wyverns
  3 shadows
  4 fire elementals
  A spriggan (shapeshifter) (Elf:2)
  An ettin skeleton (Vaults:5)
  Eustachio (D:4)
  46 yaks
  9 wraiths
  A hog (D:15)
  12 humans (D:13)
  15 basilisks
  2 redbacks (shapeshifter)
  8 golden eyes
  A hog (shapeshifter) (D:15)
  2 redbacks (Vaults:3)
  3 steam dragons
  11 vampire mosquitoes
  A chaos spawn (Lair:5)
  4 wargs (Orc:2)
  A swamp worm (shapeshifter) (Depths:1)
  48 nagas
  10 water moccasins
  28 orc warriors
  5 large abominations (Lair:5)
  3 sky beasts
  5 black bears
  2 ogres (shapeshifter)
  43 wolves
  4 boggarts
  11 ogres
  12 centaurs
  13 small abominations (Lair:5)
  3 kobold brigands
  10 bullfrogs
  2 gnoll sergeants
  An earth elemental (Elf:2)
  8 scorpions
  9 wights
  11 killer bees
  2 electric eels (Lair:1)
  3 howler monkeys
  A jelly (shapeshifter) (D:14)
  A lava snake (Lair:1)
  2 hounds (D:6)
  5 jellies
  28 orc priests
  4 iguanas
  39 orc wizards
  Robin (D:4)
  10 gnolls
  9 adders
  2 shadow imps
  6 white imps
  2 worms
  3 dart slugs
  111 orcs
  11 ball pythons
  5 endoplasms
  6 giant cockroaches
  26 goblins
  19 hobgoblins
  2 jackals (D:1)
  3 quokkas
  12 bats
  3 frilled lizards
  11 kobolds
  4 rats (D:1)
2159 creatures vanquished.

Vanquished Creatures (collateral kills)
  A caustic shrike (Depths:4)
  An acid blob (Slime:5)
  A storm dragon (Shoals:4)
  2 rockslimes (Slime:4)
  An orc warlord (Orc:2)
  2 very ugly things (Depths:4)
  An ironbound preserver (Vaults:4)
  A spark wasp (Depths:1)
  A merfolk impaler (Shoals:4)
  A servant of whispers (Elf:1)
  A two-headed ogre (D:13)
  A catoblepas (Lair:4)
  A deep troll shaman (Depths:1)
  A merfolk aquamancer (Shoals:4)
  An orc high priest (Orc:2)
  A thrashing horror (Lair:5)
  3 death yaks (Lair:4)
  A sea snake (Snake:1)
  A glowing orange brain (Depths:1)
  An ugly thing (Depths:4)
  A salamander (Volcano)
  A black mamba (Snake:3)
  A merfolk (Shoals:3)
  A tarantella (shapeshifter) (Lair:5)
  A raiju (shapeshifter) (Elf:2)
  2 saltlings (Elf:1)
  4 dream sheep (Lair:4)
  3 water elementals (Shoals:4)
  8 yaks
  3 humans (D:13)
  A chaos spawn (Lair:5)
  The ghost of poml the Grave Robber, an amateur DrNe (D:4)
  3 nagas
  An orc warrior (Orc:2)
  A gnoll (Bailey)
  An orc (Bailey)
  A ball python (D:4)
  A hobgoblin (Bailey)
59 creatures vanquished.

Vanquished Creatures (others)
  2 naga sharpshooters
  A skeletal warrior (D:15)
  2 deep elf pyromancers
  A black mamba (Snake:3)
  A tengu conjurer (Depths:3)
  A snapping turtle (Shoals:3)
  2 humans
  2 nagas (Snake:2)
  An orc priest (Orc:2)
  An orc (Orc:2)
  22 fungi
  64 plants
  2 withered plants
102 creatures vanquished.

Grand Total: 2320 creatures vanquished

Notes
Turn   | Place    | Note
-------+----------+-------------------------------------------
     0 | D:1      | antrollian the Draconian Monk began the quest for the Orb.
     0 | D:1      | Reached XP level 1. HP: 19/19 MP: 1/1
   142 | D:1      | Reached XP level 2. HP: 26/26 MP: 2/2
   422 | D:1      | Reached XP level 3. HP: 31/31 MP: 3/3
   917 | D:2      | Reached skill level 4 in Long Blades
  1058 | D:2      | Reached XP level 4. HP: 40/40 MP: 4/4
  1124 | D:2      | Found a stormy altar of Qazlal.
  1155 | D:2      | Became a worshipper of Qazlal Stormbringer
  1155 | D:2      | Reached * piety under Qazlal
  1155 | D:2      | Reached ** piety under Qazlal
  1945 | D:3      | Reached XP level 5. HP: 44/46 MP: 5/5
  2317 | D:4      | Reached skill level 5 in Long Blades
  2341 | D:4      | Found a transporter.
  2341 | D:4      | Noticed poml's ghost (amateur DrNe)
  2408 | D:4      | Reached *** piety under Qazlal
  2433 | D:4      | Reached XP level 6. HP: 47/53 MP: 6/6
  2449 | D:4      | Found a transporter.
  2461 | D:4      | Noticed Robin
  2478 | D:4      | Killed Robin
  2522 | D:4      | Noticed Eustachio
  2576 | D:4      | Killed Eustachio
  2577 | D:4      | Reached skill level 5 in Fighting
  2577 | D:4      | Reached skill level 1 in Invocations
  2841 | D:4      | Found a white marble altar of Elyvilon.
  2947 | D:5      | Entered Level 5 of the Dungeon
  3014 | D:5      | Reached skill level 1 in Short Blades
  3014 | D:5      | Your scales start taking on a lurid green colour.
  3014 | D:5      | Reached XP level 7. HP: 58/61 MP: 8/8
  3014 | D:5      | Gained mutation: Your system is resistant to poisons.
                  | (rPois) [Green Draconian growth]
  3182 | D:5      | Learned a level 2 spell: Poisonous Vapours
  3234 | D:5      | Reached **** piety under Qazlal
  3378 | D:5      | Found Waidahu's Fire Supplies.
  3601 | D:5      | Reached XP level 8. HP: 70/70 MP: 10/10
  3614 | D:5      | Found a runed translucent door.
  3715 | D:5      | Reached skill level 5 in Dodging
  3973 | D:6      | Noticed Grinder
  3974 | D:6      | Paralysed by Grinder for 5 turns
  3985 | D:6      | Paralysed by Grinder for 2 turns
  3993 | D:6      | Killed Grinder
  3994 | D:6      | Reached skill level 6 in Long Blades
  4090 | D:6      | Reached XP level 9. HP: 78/78 MP: 12/12
  4092 | D:6      | Noticed a kobold demonologist
  4097 | D:6      | Reached skill level 7 in Long Blades
  4097 | D:6      | Noticed a white ugly thing
  4135 | D:6      | Noticed a red devil
  4140 | D:6      | Killed a white ugly thing
  4141 | D:6      | Reached skill level 5 in Invocations
  4141 | D:6      | Noticed a smoke demon
  4221 | D:6      | Noticed a smoke demon
  4221 | D:6      | Killed a kobold demonologist
  4314 | D:6      | Reached skill level 8 in Long Blades
  4513 | D:6      | Noticed a two-headed ogre
  4565 | D:6      | Killed a two-headed ogre
  4566 | D:6      | Reached XP level 10. HP: 70/88 MP: 14/14
  4580 | D:6      | Reached skill level 9 in Long Blades
  5059 | D:7      | Reached skill level 1 in Shields
  5093 | D:7      | Found a runed translucent door.
  5094 | D:7      | Noticed Caerwyn's ghost (novice OpEE)
  5241 | D:4      | Killed poml's ghost
  5266 | D:4      | Identified the +1 leather armour "Daejiud" {-Cast rPois
                  | Str+2 Slay+6}
  5506 | D:7      | Found a glowing golden altar of the Shining One.
  5551 | D:7      | Found a staircase to the Ecumenical Temple.
  5769 | D:7      | Killed Caerwyn's ghost
  5908 | D:8      | Identified the +2 ring mail of the Scribe {Fly rPois rF+
                  | Int-4}
  5933 | D:8      | Found a flagged portal.
  5965 | Bailey   | Entered a bailey
  6152 | Bailey   | Noticed an orc warlord
  6185 | D:8      | HP: 1/90 [suicidal targeting (16)]
  6186 | D:8      | Reached skill level 10 in Long Blades
  6296 | D:8      | Found a sacrificial altar of Ru.
  6339 | D:8      | Found a staircase to the Lair.
  6340 | D:8      | Found an iron altar of Okawaru.
  6398 | D:8      | Reached XP level 11. HP: 86/95 MP: 16/16
  6412 | D:8      | Found Buny's Weapon Shop.
  6594 | D:8      | Found Kisogixo's Weapon Emporium.
  6639 | D:8      | Found a glowing silver altar of Zin.
  7053 | D:9      | Reached skill level 5 in Shields
  7141 | D:9      | Got Oplot's Directory of Supportive Ozone
  7524 | D:9      | Noticed a two-headed ogre
  7529 | D:9      | Killed a two-headed ogre
  7872 | D:10     | Entered Level 10 of the Dungeon
  7880 | D:10     | Noticed Erica
  7885 | D:10     | Killed Erica
  7919 | D:10     | Noticed Josephine
  7927 | D:10     | Killed Josephine
  7927 | D:10     | Reached ***** piety under Qazlal
  7947 | D:10     | Reached skill level 11 in Long Blades
  8332 | D:10     | Found a staircase to the Orcish Mines.
  8709 | D:11     | Reached XP level 12. HP: 103/106 MP: 18/18
  8760 | D:11     | Noticed Fannar
  8778 | D:11     | Killed Fannar
  9067 | D:11     | Found Iffe's Weapon Shop.
  9097 | D:11     | Noticed Nergalle
  9111 | D:11     | Killed Nergalle
  9112 | D:11     | Reached skill level 10 in Fighting
  9351 | D:12     | Noticed a two-headed ogre
  9392 | D:12     | Killed a two-headed ogre
  9536 | D:12     | Reached skill level 12 in Long Blades
 10044 | D:12     | Identified the +9 morningstar of Understanding {spect,
                  | rElec}
 10096 | D:12     | Noticed a catoblepas
 10117 | D:12     | Killed a catoblepas
 10278 | Lair:1   | Entered Level 1 of the Lair of Beasts
 10301 | Lair:1   | Noticed a six-headed hydra
 10308 | Lair:1   | Killed a three-headed hydra
 10309 | Lair:1   | Reached XP level 13. HP: 95/114 MP: 20/20
 10426 | Lair:1   | Reached ****** piety under Qazlal
 10444 | Lair:1   | Found a runed translucent gate.
 10444 | Lair:1   | Found a runed translucent gate.
 10444 | Lair:1   | Found a runed translucent gate.
 10450 | Lair:1   | Noticed code2828's ghost (journeyman MiBe)
 10475 | Lair:1   | Killed code2828's ghost
 11342 | Lair:2   | Reached skill level 13 in Long Blades
 11370 | Lair:2   | Found a staircase to the Snake Pit.
 11534 | Lair:2   | Reached skill level 10 in Invocations
 11557 | Lair:2   | Found a staircase to the Shoals.
 11612 | Lair:2   | Reached skill level 10 in Shields
 11726 | Lair:2   | Found a dark tunnel.
 11733 | Volcano  | Entered a volcano
 11827 | Volcano  | Found a burning altar of Makhleb.
 12809 | Lair:3   | Gained mutation: Your tail ends in a venomous barb. [Green
                  | Draconian growth]
 12809 | Lair:3   | Reached XP level 14. HP: 107/124 MP: 21/21
 12918 | Lair:3   | Reached skill level 14 in Long Blades
 13198 | Lair:3   | Reached skill level 10 in Dodging
 13227 | Lair:3   | Found a runed translucent door.
 13229 | Lair:3   | Identified the +3 short sword of Cowardice {protect, rPois
                  | Str+2 Dex-4}
 13246 | Lair:3   | Identified the +1 short sword "Muschien" {holy, rElec rC+
                  | rN+ Dex+2}
 13424 | Lair:3   | Noticed jagoly's ghost (journeyman DrRe)
 13524 | Lair:3   | Killed jagoly's ghost
 13533 | Lair:3   | Identified the +1 plate armour "Suetaris" {rF+ rC+ rN+}
 13982 | Lair:4   | Identified the +1 robe of Ponoc {+Inv rPois}
 14431 | Lair:5   | Entered Level 5 of the Lair of Beasts
 15027 | Lair:5   | Found a viscous altar of Jiyva.
 15200 | Lair:5   | Reached skill level 15 in Long Blades
 15496 | Lair:5   | Reached XP level 15. HP: 68/134 MP: 23/23
 16293 | Lair:5   | Found a corrupted altar of Lugonu.
 16293 | Lair:5   | Found a one-way gate to the infinite horrors of the Abyss.
 16566 | Lair:5   | Found a staircase to the Slime Pits.
 16775 | Orc:1    | Entered Level 1 of the Orcish Mines
 16964 | Orc:2    | Entered Level 2 of the Orcish Mines
 17407 | Orc:2    | Found a runed translucent gate.
 17407 | Orc:2    | Found a runed translucent gate.
 17512 | Orc:2    | Identified the +10 scimitar "Qyisedi" {venom, Dex+3}
 17648 | Orc:2    | Noticed BriarBranch's ghost (journeyman MiBe)
 17651 | Orc:2    | Found a runed translucent gate.
 17683 | Orc:2    | Found a staircase to the Elven Halls.
 17707 | Orc:2    | Found Aplemm's Armour Shoppe.
 17707 | Orc:2    | Found Idemug's Magic Scroll Emporium.
 17708 | Orc:2    | Found Saram's Antique Armour Emporium.
 17712 | Orc:2    | Found Ythain's Weapon Shoppe.
 17718 | Orc:2    | Bought a scroll of silence for 142 gold pieces
 17723 | Orc:2    | Bought a +0 pair of boots for 81 gold pieces
 17723 | Orc:2    | Bought a +0 pair of gloves for 81 gold pieces
 18019 | Orc:2    | Killed BriarBranch's ghost
 18151 | D:13     | Noticed Urug
 18151 | D:13     | Found a gate to the Vaults.
 18160 | D:13     | Reached skill level 16 in Long Blades
 18168 | D:13     | Killed Urug
 19580 | D:14     | Reached XP level 16. HP: 137/144 MP: 25/25
 19897 | D:14     | Found a runed translucent door.
 19900 | D:14     | Noticed Jeamesi's ghost (journeyman GnIE)
 19914 | D:14     | Killed Jeamesi's ghost
 20164 | D:14     | Found a hide-covered altar of Uskayaw.
 20328 | D:15     | Entered Level 15 of the Dungeon
 20361 | D:15     | Reached skill level 17 in Long Blades
 20487 | D:15     | Found a staircase to the Depths.
 20659 | D:15     | Noticed Kirke
 20661 | D:15     | Noticed a sphinx
 20674 | D:15     | Killed Kirke
 20708 | D:15     | Found an ornate altar of the Wu Jian Council.
 21143 | Depths:1 | Entered Level 1 of the Depths
 21480 | Snake:1  | Entered Level 1 of the Snake Pit
 21584 | Snake:1  | Found Cyack's Assorted Antiques.
 21584 | Snake:1  | Found Laogovoy's Distillery.
 21585 | Snake:1  | Found Unagauw's Book Shoppe.
 21589 | Snake:1  | Found Gafifuru's Weapon Emporium.
 21645 | Snake:1  | Found a hazy altar of Hepliaklqana.
 21720 | Snake:1  | Identified the +2 leather armour of Death's Door {rPois rF+
                  | Int+4 Stlth+}
 21903 | Snake:1  | Found a runed translucent gate.
 21903 | Snake:1  | Found a runed translucent gate.
 21903 | Snake:1  | Found a runed translucent gate.
 21979 | Snake:1  | Reached XP level 17. HP: 141/154 MP: 27/27
 22414 | Snake:2  | Found Nepeoder's Armour Boutique.
 22613 | Snake:1  | Reached skill level 18 in Long Blades
 22745 | Snake:2  | Bought a +2 pair of gloves of dexterity for 387 gold pieces
 22745 | Snake:2  | Bought the +1 pair of boots "Evecoc" {Str+2 SInv} for 448
                  | gold pieces
 22782 | Snake:2  | Found Raluw's Assorted Antiques.
 22787 | Snake:2  | Bought a heavily runed tin ring for 135 gold pieces
 22787 | Snake:2  | Identified the ring "Tuogimi" {Fire Dex+4} (You bought it
                  | in a shop on level 2 of the Snake Pit)
 22825 | Snake:2  | Noticed Nikola
 22844 | Snake:2  | Killed Nikola
 23039 | Snake:2  | Found Jitomem's Weapon Boutique.
 23067 | Snake:2  | Found Rolifi's Antique Weapon Emporium.
 23671 | Snake:3  | Reached skill level 15 in Fighting
 24260 | Snake:4  | Entered Level 4 of the Snake Pit
 24595 | Snake:4  | Found Vuofuc's Jewellery Boutique.
 24599 | Snake:4  | Bought a ring of resist corrosion for 340 gold pieces
 24819 | Snake:4  | Found a large runed translucent door.
 24819 | Snake:4  | Found a large runed translucent door.
 24821 | Snake:4  | Noticed Deykloqe's ghost (journeyman TrBe)
 24904 | Snake:4  | Killed Deykloqe's ghost
 24945 | Snake:4  | Reached XP level 18. HP: 44/163 MP: 29/29
 25049 | Snake:4  | Reached skill level 19 in Long Blades
 25490 | Snake:4  | Got a serpentine rune of Zot
 25852 | Slime:1  | Entered Level 1 of the Pits of Slime
 26225 | Slime:2  | Reached skill level 15 in Invocations
 27484 | Slime:5  | Entered Level 5 of the Pits of Slime
 27944 | Slime:5  | Noticed the Royal Jelly
 28146 | Slime:4  | Reached skill level 15 in Shields
 28311 | Slime:4  | Reached skill level 20 in Long Blades
 28441 | Slime:5  | Killed the Royal Jelly
 28442 | Slime:5  | Reached XP level 19. HP: 108/172 MP: 4/30
 28851 | Slime:5  | Identified the +12 flail of Prescription {pain, rElec rN+
                  | Will+ Dex+2}
 28861 | Slime:5  | Identified the +4 quarterstaff of Exquisite Torment {venom,
                  | rPois rN+}
 28863 | Slime:5  | Got a slimy rune of Zot
 28887 | Slime:5  | Identified the amulet of Tender Moments {Reflect rC+ rN+
                  | SH+5 Stlth+}
 28911 | Slime:5  | Got the Incunabulum of the Shifting Stinger
 29479 | Slime:1  | Gained mutation: You are occasionally teleported next to
                  | monsters. [a shining eye]
 29486 | Slime:1  | Gained mutation: You occasionally shout uncontrollably at
                  | your foes. [a shining eye]
 29600 | Slime:1  | Gained mutation: You are vulnerable to cold. (rC-) [a
                  | shining eye]
 29725 | Lair:5   | Lost mutation: You are vulnerable to cold. (rC-) [potion of
                  | mutation]
 29725 | Lair:5   | Lost mutation: You are occasionally teleported next to
                  | monsters. [potion of mutation]
 29725 | Lair:5   | Lost mutation: You occasionally shout uncontrollably at
                  | your foes. [potion of mutation]
 29725 | Lair:5   | Gained mutation: You sometimes lose your temper in combat.
                  | [potion of mutation]
 29725 | Lair:5   | Gained mutation: You are vulnerable to cold. (rC-) [potion
                  | of mutation]
 29726 | Lair:5   | Lost mutation: You sometimes lose your temper in combat.
                  | [potion of mutation]
 29726 | Lair:5   | Lost mutation: You are vulnerable to cold. (rC-) [potion of
                  | mutation]
 29726 | Lair:5   | Gained mutation: Your magical capacity is low. (-10% MP)
                  | [potion of mutation]
 29726 | Lair:5   | Gained mutation: You are robust. (+10% HP) [potion of
                  | mutation]
 29960 | Elf:1    | Entered Level 1 of the Elven Halls
 30022 | Elf:1    | Identified the +9 tower shield "Hania" {Str+3}
 30022 | Elf:1    | Noticed Louise
 30063 | Elf:1    | Killed Louise
 30109 | Elf:1    | Found Volunui's Antique Weapon Emporium.
 30135 | Elf:1    | Noticed Aizul
 30151 | Elf:1    | Killed Aizul
 30163 | Elf:1    | Found a crumbling gateway.
 30170 | Desolati | Entered the Desolation of Salt
 31865 | Elf:2    | Noticed Roxanne
 31960 | Elf:2    | Found a runed translucent gate.
 31965 | Elf:2    | Found a runed translucent gate.
 31965 | Elf:2    | Found a runed translucent gate.
 31996 | Elf:2    | Paralysed by an air elemental for 1 turns
 32239 | Elf:2    | Found a runed translucent gate.
 32239 | Elf:2    | Found a runed translucent gate.
 32244 | Elf:2    | Found a runed translucent gate.
 32244 | Elf:2    | Noticed DispaterIsMyDaddy's ghost (adept DjFE)
 32444 | Elf:2    | Killed DispaterIsMyDaddy's ghost
 32478 | Elf:2    | Identified the +1 hat "Guloc" {Dex+3}
 32696 | Elf:2    | Found a shimmering blue altar of Sif Muna.
 32803 | Elf:2    | Found a runed translucent gate.
 32803 | Elf:2    | Found a runed translucent gate.
 32804 | Elf:2    | Found a runed translucent gate.
 33503 | Elf:2    | Reached XP level 20. HP: 202/202 MP: 29/29
 33837 | Elf:2    | Killed Roxanne
 33893 | Elf:3    | Entered Level 3 of the Elven Halls
 34764 | Elf:3    | Identified the +1 ring mail of the Clam {Int+3 Dex+8
                  | Stlth+}
 34776 | Elf:3    | Identified the ring of Vehumet's Displeasure {rPois rC+
                  | Str+6 Int-3 Slay+3}
 34783 | Elf:3    | Identified the +6 spear of Greed {vamp, *Rage rF+++ Str-4
                  | Stlth+}
 34783 | Elf:3    | Identified the ring "Poar" {+Blink rElec Will+ Str+2}
 34786 | Elf:3    | Reached skill level 21 in Long Blades
 35486 | Elf:3    | Identified the +10 sling "Beastbane" {freeze, Int+6}
 35490 | Elf:3    | Identified the +8 rapier "Kupedum" {vorpal, Str+4}
 35567 | Elf:3    | Found Plog's Armour Emporium.
 35989 | Shoals:1 | Entered Level 1 of the Shoals
 36063 | Shoals:1 | Found a flickering gateway to a bazaar.
 36075 | Bazaar   | Entered a bazaar
 36075 | Bazaar   | Found Ifac's Assorted Antiques.
 36075 | Bazaar   | Found Cychin's Jewellery Boutique.
 36075 | Bazaar   | Found Niafynoss's Distillery.
 36075 | Bazaar   | Found Aririymnav's Antique Weapon Shop.
 36077 | Bazaar   | Found Kiterik's Magic Scroll Emporium.
 36082 | Bazaar   | Bought a potion of heal wounds for 65 gold pieces
 36082 | Bazaar   | Bought a potion of curing for 39 gold pieces
 36082 | Bazaar   | Bought a potion of curing for 39 gold pieces
 36535 | Shoals:1 | Reached skill level 15 in Dodging
 36767 | Shoals:1 | Found a shimmering altar of Xom.
 38181 | Shoals:3 | Noticed Bai Suzhen
 38201 | Shoals:3 | Killed Bai Suzhen
 38868 | Shoals:4 | Entered Level 4 of the Shoals
 39038 | Shoals:4 | Reached XP level 21. HP: 170/213 MP: 30/30
 39372 | Shoals:4 | Got a barnacled rune of Zot
 39511 | Shoals:4 | Paralysed by an air elemental for 1 turns
 39533 | Shoals:4 | Paralysed by an air elemental for 1 turns
 39861 | Shoals:4 | Identified a scroll of acquirement
 40253 | Shoals:4 | Paralysed by an air elemental for 1 turns
 40781 | Depths:1 | Found a gateway to Hell.
 40786 | Depths:1 | Found a one-way gateway to a ziggurat.
 41089 | Depths:1 | Noticed Sojobo
 41102 | Depths:1 | Paralysed by an air elemental for 1 turns
 41113 | Depths:1 | Killed Sojobo
 42320 | Depths:2 | Found a one-way gate leading to the halls of Pandemonium.
 42763 | Depths:2 | Identified the +1 chain mail of Elyvilon, Hurtling {rCorr
                  | MP+9 Stlth+}
 43385 | Depths:3 | Got the Collected Works on the Glacier
 43428 | Depths:3 | Reached XP level 22. HP: 223/224 MP: 31/31
 43529 | Depths:3 | Noticed a golden dragon
 43543 | Depths:3 | Noticed a golden dragon
 43564 | Depths:3 | Killed a golden dragon
 43575 | Depths:3 | Killed a golden dragon
 43745 | Depths:3 | Noticed a golden dragon
 43758 | Depths:3 | Killed a golden dragon
 44136 | Depths:4 | Entered Level 4 of the Depths
 44167 | Depths:4 | Reached skill level 22 in Long Blades
 44521 | Depths:4 | Noticed a caustic shrike
 44522 | Depths:4 | Noticed a caustic shrike
 44522 | Depths:4 | Noticed a caustic shrike
 44526 | Depths:4 | Noticed a caustic shrike
 44530 | Depths:4 | Killed a caustic shrike
 44535 | Depths:4 | Killed a caustic shrike
 44537 | Depths:4 | Killed a caustic shrike
 44540 | Depths:4 | Killed a caustic shrike
 44553 | Depths:4 | Noticed a golden dragon
 44580 | Depths:4 | Killed a golden dragon
 45855 | Depths:4 | Found a gate to the Realm of Zot.
 46306 | Vaults:1 | Entered Level 1 of the Vaults
 47481 | Vaults:1 | Reached XP level 23. HP: 236/236 MP: 32/32
 47919 | Vaults:2 | Acquired 895 gold pieces
 48024 | Vaults:2 | Found Toagut's Armour Shoppe.
 48027 | Vaults:2 | Found Xyorpha's Weapon Boutique.
 48037 | Vaults:2 | Found a flickering gateway to a bazaar.
 48043 | Bazaar   | Entered a bazaar
 48057 | Bazaar   | Found Ygoy's Armour Shoppe.
 48057 | Bazaar   | Found Plog's Assorted Antiques.
 48068 | Bazaar   | Bought the +0 cloak "Qedwilaeg" {rF+ Will+ rCorr Dex-4} for
                  | 340 gold pieces
 48079 | Bazaar   | Found Biasore's Antique Weapon Emporium.
 48095 | Bazaar   | Found Gassig's Book Shoppe.
 48148 | Vaults:2 | Bought the +4 pair of boots of the Twenty Lives {Str+2} for
                  | 464 gold pieces
 48162 | Vaults:2 | Identified the +5 ring mail "Gishruit" {Fly rN++ Will-
                  | Stlth-}
 48424 | Vaults:2 | Found a staircase to the Crypt.
 48811 | Vaults:2 | Found Anegiziz's Magic Scroll Emporium.
 49793 | Vaults:3 | Found a portal to a secret trove of treasure.
 50407 | Vaults:3 | Reached skill level 23 in Long Blades
 51436 | Vaults:4 | Found a huge runed gate.
 51436 | Vaults:4 | Found a huge runed gate.
 51436 | Vaults:4 | Found a huge runed gate.
 51451 | Vaults:4 | Found a huge runed gate.
 51451 | Vaults:4 | Found a huge runed gate.
 51451 | Vaults:4 | Found a huge runed gate.
 51453 | Vaults:4 | Found a huge runed gate.
 51453 | Vaults:4 | Found a huge runed gate.
 51454 | Vaults:4 | Found a huge runed gate.
 51454 | Vaults:4 | Found a huge runed gate.
 51454 | Vaults:4 | Found a huge runed gate.
 51454 | Vaults:4 | Found a huge runed gate.
 51454 | Vaults:4 | Found a huge runed gate.
 51455 | Vaults:4 | Found a huge runed gate.
 51456 | Vaults:4 | Found a huge runed gate.
 51457 | Vaults:4 | Found a huge runed gate.
 51458 | Vaults:4 | Found a huge runed gate.
 51466 | Vaults:4 | Found a huge runed gate.
 51466 | Vaults:4 | Found a huge runed gate.
 51466 | Vaults:4 | Found a huge runed gate.
 51466 | Vaults:4 | Found a huge runed gate.
 51466 | Vaults:4 | Found a huge runed gate.
 51466 | Vaults:4 | Found a huge runed gate.
 51467 | Vaults:4 | Found a huge runed gate.
 51615 | Vaults:4 | Found a huge runed gate.
 51616 | Vaults:4 | Found a huge runed gate.
 51624 | Vaults:4 | Found a huge runed gate.
 51624 | Vaults:4 | Found a huge runed gate.
 51624 | Vaults:4 | Found a huge runed gate.
 51624 | Vaults:4 | Found a huge runed gate.
 51624 | Vaults:4 | Found a huge runed gate.
 51624 | Vaults:4 | Found a huge runed gate.
 51625 | Vaults:4 | Found a huge runed gate.
 51626 | Vaults:4 | Found a huge runed gate.
 51639 | Vaults:4 | Found a huge runed gate.
 51647 | Vaults:4 | Found a huge runed gate.
 51883 | Vaults:4 | Reached XP level 24. HP: 248/248 MP: 33/33
 52503 | Vaults:4 | Found Qymeib's Armour Shop.
 53065 | Vaults:5 | Entered Level 5 of the Vaults
 53068 | Vaults:4 | Upgraded the game from 0.30-a0-373-gd37427b to
                  | 0.30-a0-374-g95c0257
 53712 | Vaults:5 | Killed from afar by a war gargoyle

Illustrated notes

Levels and vault maps discovered:
D:1:      psy_arrival_conway, layout_loops_ring, serial_park_tiny_1,
          minmay_crystal_room, chequers_serial_rivers_micro_a
D:2:      layout_basic, basic_altar, grunt_ministairs_1, minmay_pentomino_u2
D:3:      layout_basic
D:4:      layout_rooms, elyvilon_altar_1, gammafunk_ghost_arena, uniq_robin,
          uniq_eustachio
D:5:      layout_gridville, chequers_avenue, nicolae_shop_fire_sale
          [nicolae_sub_dead_trees], lightli_church_of_beogh
D:6:      cheibrodos_fzero, layout_loops_ring, uniq_grinder
D:7:      layout_cave_pools, mainiacjoe_overflow_alcove_4,
          minmay_temple_entry_statues_fountains, ebering_ghost_inner_flame
D:8:      layout_gridville, mainiacjoe_overflow_paths, lemuel_crystal_altar,
          nicolae_overflow_crystal_walls, minmay_lair_entry_grove,
          enter_bailey_4, serial_shops, shop, nicolae_shop_advertising_works
          [nicolae_subvault_shop_adworks]
D:9:      layout_roguey, hangedman_decor_clover_reticule
D:10:     layout_rooms, minmay_orc_entry_temple_small, uniq_erica,
          uniq_josephine
D:11:     layout_basic, serial_shops, nicolae_shop_hallway_stairs,
          uniq_nergalle, uniq_fannar
D:12:     layout_roguey, grunt_ministairs_15, argonaut_gorgonesque
D:13:     layout_stronghold, david_vaults_3, grunt_decor_one_mirror,
          minmay_the_grid_2x2 [minmay_the_grid_box_x, minmay_the_grid_garden,
          minmay_the_grid_gridbox, minmay_the_grid_prize_four_corners]
D:14:     minmay_box_of_statues, layout_rooms, nicolae_uskayaw_en_pointe,
          gammafunk_ghost_grave
D:15:     hangedman_depths_entry_try_elsewhere_first, layout_loops_ring,
          minmay_ruined_shrine, uniq_kirke
Lair:1:   layout_gridlike, ebering_ghost_rock_garden
Lair:2:   layout_regular_city, minmay_shoals_entry_hut,
          minmay_snake_entry_guardpost_small, enter_volcano_4,
          grunt_forest_large_clearings, grunt_megastairs_5
Lair:3:   wad_woods_tower, layout_regular_city, ebering_ghost_reflecting_pool,
          grunt_forest_stairs_clearing, grunt_megastairs_2
Lair:4:   layout_roguey, kennysheep_basilisk_garden, grunt_megastairs_1
Lair:5:   hellmonk_lair_end_abyssal_woods, layout_cave_pods,
          minmay_slime_entry_oklob_enclosed, grunt_megastairs_3
Shoals:1: layout_shoals, serial_shops, bzr_entry_customers, lemuel_centaur_altar
Shoals:2: layout_shoals, nicolae_shoals_so_close
Shoals:3: layout_shoals, ldierk_geyser, st_sunken_huts, uniq_bai_suzhen
Shoals:4: shoals_end_hellmonk_storm_palace [storm_palace_center_ruins,
          storm_palace_corner_grid, storm_palace_corner_blocked,
          storm_palace_corner_pillars, storm_palace_corner_grid]
Snake:1:  layout_basic, basic_altar, eino_curves_03, grunt_ministairs_7,
          nicolae_snake_horde_hoard, minmay_shoptagon
Snake:2:  layout_rooms, serial_shops, shop, shop, nicolae_shop_hallway_plus,
          nicolae_stop_n_shop_1, lemuel_fruit_tree, uniq_nikola
Snake:3:  layout_misc_corridors
Snake:4:  snake_pit, layout_cave_town, ebering_ghost_disaster_area,
          minmay_shop_star
Slime:1:  layout_caves
Slime:2:  layout_caves
Slime:3:  layout_caves
Slime:4:  layout_caves, nicolae_slime_ancient_tower_intersection
Slime:5
Orc:1:    layout_caves
Orc:2:    st_orc_mages, layout_caves, gammafunk_ghost_split, elf_legates
Elf:1:    eino_elf_arrival_customs, layout_loops_corners, serial_shops,
          nicolae_shop_crystal, portal_desolation_entry_ruin,
          hangedman_elven_crosses_minicolossus, uniq_aizul, uniq_louise
Elf:2:    nicolae_elf_blades_splatter_lattice
          [nicolae_blade_entry_diamond_columns], layout_loops_ring,
          ploomutoo_gammafunk_ghost_potion_laboratory, basic_altar, uniq_roxanne
Elf:3:    minmay_elf_hall_spiked, layout_geoelf_diagonals, serial_shops,
          nicolae_shop_crystal, roderic_lattice_octagonal_star
Vaults:1: v_rooms_4, v_alt_pattern_1, vaults_room_guarded_vault,
          nicolae_vaults_network_square, hangedman_vaults_snaps, v_pattern_3,
          layout_vaults_omnigrid
Vaults:2: nicolae_vaults_rhombus_7, minmay_crypt_entry_simple_corners, v_misc_5,
          ontoclasm_vaults_ring_large, v_misc_10, v_misc_1,
          nicolae_vaults_sealed_display, vaults_room_fancy_cross,
          nicolae_vaults_shelves_hall, hangedman_vaults_restitches,
          v_alt_pattern_3, nicolae_vaults_asterisk, v_misc_18,
          nicolae_vaults_specimen_jars, st_cells, vaults_dpeg_emergency_exit,
          nicolae_vaults_bisected_slash, layout_vaults_omnibox, serial_shops,
          bzr_entry_road, shop_statue, nicolae_shop_trees, shop
Vaults:3: nicolae_vaults_big_angled_halls, vaults_mumra_chevron_long, v_misc_15,
          ontoclasm_vaults_ligature, v_rooms_3,
          nicolae_vaults_windows_and_doors_thing, grunt_vaults_swirl,
          hangedman_vaults_slice, ontoclasm_vaults_chip, hangedman_vaults_trim,
          nicolae_vaults_fighting_squares, vaults_dpeg_encased_lava,
          layout_vaults_ring, nicolae_trove_entry_columns
Vaults:4: vaults_room_boxed, vaults_mumra_chevron, vaults_dpeg_spiral,
          door_vault, nicolae_vaults_twisting_passages, dpeg_vaults_monster_box,
          v_misc_11, v_misc_4, nicolae_vaults_little_squares_6,
          nicolae_vaults_little_squares_4, vaults_dpeg_hooks,
          vaults_room_hallway, v_misc_25,
          vaults_standard_mumra_enter_the_diamond, layout_vaults_omnicross
Vaults:5: serial_shops, uniq_frederick
Depths:1: layout_basic, enter_ziggurat_b, nicolae_lava_and_water, hell_entry,
          nrook_kobold_shadow_demons, serial_bayou_shore_b, uniq_sojobo
Depths:2: nicolae_BIG_FREAKIN_CUBE, layout_small_grid, hell_entry,
          minmay_misc_feat_hallway, pan_entry
Depths:3: minmay_ornate_pinched, layout_cave_pools, kennysheep_nub, hell_entry,
          abyss_entry, kennysheep_windowed_goal, minmay_staircase_statues
Depths:4: grunt_zot_entry_funnels, layout_long_grid, grunt_hell_entry_dis_old,
          hangedman_abyss_entry_splay

Skill      XL: |  1  2  3  4  5  6  7  8  9 10 11 12 13 14 15 16 17 18 19 20 21 22 23 24 |
---------------+-------------------------------------------------------------------------+-----
Dodging        | 3 4 5 6 7 8 9 10 11 12 13 14 15 16 17 18 | 18.0
Long Blades    | 4 5 6 8 10 11 12 13 15 16 17 18 20 21 22 23 | 23.5
Fighting       | 4 5 6 8 9 10 11 12 13 14 15 16 17 18 19 20 21 | 21.2
Invocations    | 1 3 4 6 7 8 9 10 11 12 13 14 15 16 17 18 19 20 | 20.7
Short Blades   | 1 3 4 |  4.4
Shields        | 4 7 9 10 11 12 13 14 15 16 17 19 20 21 | 21.3
Stealth        | |  1.7

Action                   |  1- 3 |  4- 6 |  7- 9 | 10-12 | 13-15 | 16-18 | 19-21 | 22-24 || total
-------------------------+-------+-------+-------+-------+-------+-------+-------+-------++-------
Melee: Falchion          |   110 |   238 |   194 |   408 |       |       |       |       ||   950
       Tailslap          |    10 |    37 |    42 |   147 |   296 |   395 |   386 |   512 ||  1825
       Punch             |     2 |     4 |    11 |     1 |       |       |       |       ||    18
       Rapier            |       |    16 |   123 |       |       |       |       |       ||   139
       Scimitar          |       |       |       |   410 |  1336 |  1621 |  1733 |  1781 ||  6881
       Long sword        |       |       |       |    48 |       |       |       |       ||    48
Throw: Throwing net      |       |       |       |       |       |       |     1 |       ||     1
Invok: Upheaval          |       |       |     7 |     3 |     3 |     5 |     7 |     4 ||    29
       Elemental Force   |       |       |       |     4 |    10 |     5 |    11 |     2 ||    32
       Disaster Area     |       |       |       |       |       |     1 |     4 |     6 ||    11
 Abil: Breathe Noxious F |       |       |    14 |    14 |    23 |     1 |     6 |     1 ||    59
  Use: Potion            |       |     2 |       |     4 |       |     5 |     9 |     1 ||    21
       Scroll            |       |       |       |    15 |    14 |     2 |     2 |     3 ||    36
 Stab: Sleeping          |     6 |     1 |       |       |       |       |       |       ||     7
       Confused          |       |       |     6 |    10 |    13 |     1 |     1 |     3 ||    34
       Distracted        |       |       |       |       |     4 |     1 |     2 |     1 ||     8
       Paralysed         |       |       |       |       |       |     2 |     2 |     4 ||     8
Armor: Skin              |    40 |   127 |    75 |   139 |   144 |   211 |   153 |   169 ||  1058
Dodge: Dodged            |    86 |   277 |   183 |   321 |   490 |   756 |   587 |   755 ||  3455
       Repelled          |       |       |     6 |     6 |     7 |    47 |    33 |    18 ||   117
Block: Other             |       |    40 |    67 |     3 |       |       |       |       ||   110
       Buckler           |       |       |       |   163 |       |       |       |       ||   163
       Kite shield       |       |       |       |   438 |  1236 |  1912 |   247 |       ||  3833
       Reflection        |       |       |       |       |    22 |     3 |   162 |    78 ||   265
       Tower shield      |       |       |       |       |       |       |  2403 |  2843 ||  5246

Table legend: (Time is in decaauts)
 A = Elapsed time spent in this place.
 B = Non-inter-level travel time spent in this place.
 C = Inter-level travel time spent in this place.
 D = Time resting spent in this place.
 E = Time spent auto-exploring this place.
 F = Levels seen in this place.
 G = Mean time per level.
                   A        B        C        D        E       F      G
               +--------+--------+--------+--------+--------+-----+--------+
         Total |  52889 |  49358 |   3531 |   6244 |  29796 |  52 | 1017.1 |
       Dungeon |  13742 |  12195 |   1547 |    201 |   8394 |  15 |  916.1 |
          Lair |   6425 |   5675 |    750 |    339 |   3815 |   5 | 1285.0 |
        Shoals |   4727 |   4482 |    245 |    867 |   2625 |   4 | 1181.8 |
     Snake Pit |   4121 |   3975 |    146 |    377 |   2354 |   4 | 1030.2 |
    Slime Pits |   3716 |   3468 |    248 |    949 |   1556 |   5 |  743.2 |
  Orcish Mines |   1330 |   1196 |    134 |    100 |    754 |   2 |  665.0 |
   Elven Halls |   5770 |   5591 |    179 |   1313 |   2772 |   3 | 1923.3 |
        Vaults |   7066 |   6944 |    122 |    852 |   4447 |   5 | 1413.2 |
        Depths |   5398 |   5240 |    158 |   1220 |   2806 |   4 | 1349.5 |
        Bazaar |    133 |    133 |      0 |      0 |    102 |   2 |   66.5 |
        Bailey |    197 |    197 |      0 |      0 |     80 |   1 |  197.0 |
       Volcano |    238 |    238 |      0 |     26 |     89 |   1 |  238.0 |
    Desolation |     20 |     20 |      0 |      0 |      1 |   1 |   20.0 |
               +--------+--------+--------+--------+--------+-----+--------+

Top non-repeatable levels by time:
Vaults:4: 2800 daAuts
   Elf:2: 2260 daAuts
  Lair:5: 1992 daAuts
   Elf:3: 1852 daAuts
Depths:4: 1687 daAuts
   Elf:1: 1656 daAuts
 Slime:4: 1646 daAuts
Shoals:4: 1627 daAuts
Vaults:3: 1546 daAuts
Vaults:1: 1473 daAuts
Depths:1: 1402 daAuts
Shoals:2: 1337 daAuts
 Snake:4: 1329 daAuts
    D:13: 1280 daAuts
  Lair:2: 1254 daAuts
